Map: 킹스 코브 - 래더

Players

Scarlett - Winner!

  • Race: Zerg Zerg
  • League: Diamond

Maru

  • Race: Terran Terran

Event: WESG 2018 Grand Finals

VOD

Have the link to the VOD?

Description

Time

  • Played on: March 17, 2019, 2:11 a.m.
  • Length: 81:18

All games in this series

Show
View Real Time Build Order
Export as new Build Order

Scarlett Zerg - Winner!

Build Orders: Hatch First, Brood Lord Corruptor, Muta Ling Bane 

Get SALT Encoding   

  12  0:01  Drone  
  13  0:13  Overlord  
  13  0:18  Drone  
  14  0:31  Drone x2  
  16  0:49  Hatchery  
  15  0:52  Drone  
  15  0:56  Drone  
  17  0:59  Drone  
  18  1:10  Extractor  
  17  1:14  Spawning Pool  
  16  1:18  Drone  
  16  1:22  Drone  
  18  1:31  Drone  
  19  1:40  Drone  
  20  1:51  Drone  
  21  2:01  Queen x2  
  21  2:02  Zergling x4  
  27  2:16  Hatchery  
  27  2:21  Overlord  
  26  2:24  Drone  
  26  2:27  Drone  
  28  2:36  Metabolic Boost  
  28  2:39  Drone  
  29  2:44  Drone x3  
  29  2:50  Overlord  
  32  2:57  Queen  
  34  3:02  Drone x2  
  36  3:09  Drone x3  
  36  3:10  Drone  
  40  3:13  Drone  
  40  3:16  Drone  
  42  3:20  Queen  
  42  3:25  Overlord  
  44  3:29  Overlord  
  44  3:38  Queen  
  44  3:40  Zergling x4, Drone  
  49  3:45  Zergling x4  
  49  3:46  Zergling x4  
  53  3:55  Drone x3  
  56  3:57  Queen  
  58  4:04  Drone x3  
  61  4:13  Overlord  
  61  4:15  Overlord x2  
  61  4:19  Overlord  
  61  4:20  Overlord  
  61  4:23  Overlord  
  61  4:31  Queen x2  
  61  4:35  Queen  
  61  4:37  Drone  
  61  4:38  Drone x2  
  70  4:40  Drone  
  70  4:41  Drone  
  72  4:46  Drone x4  
  72  4:49  Drone x2  
  72  4:52  Spore Crawler  
  77  4:57  Spore Crawler, Drone x2  
  77  4:59  Drone  
  80  5:00  Drone  
  80  5:07  Drone x6  
  80  5:11  Lair  
  86  5:17  Zergling x10  
  86  5:20  Drone  
  92  5:22  Extractor  
  92  5:23  Extractor  
  92  5:25  Evolution Chamber  
  92  5:26  Evolution Chamber  
  92  5:27  Overlord  
  88  5:29  Overlord  
  88  5:30  Overlord  
  88  5:33  Spore Crawler  
  88  5:34  Drone  
  88  5:35  Baneling Nest  
  86  5:36  Extractor  
  86  5:37  Extractor  
  86  5:38  Extractor  
  86  5:42  Drone x6  
  89  5:46  Drone x3  
  89  5:48  Drone  
  92  5:52  Drone x2  
  92  5:54  Drone x3  
  92  5:57  Zerg Ground Armor Level 1  
  97  6:03  Zerg Melee Weapons Level 1  
  97  6:04  Drone  
  97  6:05  Drone x2  
  97  6:06  Drone x2  
  97  6:08  Drone x2  
  104  6:17  Spire  
  103  6:18  Hatchery  
  103  6:21  Centrifical Hooks  
  103  6:24  Drone  
  103  6:25  Drone  
  104  6:26  Zergling x4  
  105  6:35  Zergling x2, Hatchery  
  105  6:36  Zergling x4  
  105  6:38  Baneling x5  
  105  6:39  Baneling  
  106  6:44  Drone x5  
  104  6:48  Drone x2  
  104  6:52  Overseer  
  106  6:58  Drone  
  106  6:59  Drone  
  107  7:05  Overlord x2  
  107  7:06  Overlord x2  
  107  7:07  Overlord x2  
  107  7:15  Baneling x8  
  107  7:28  Drone  
  107  7:29  Drone x4  
  112  7:30  Mutalisk x6  
  112  7:36  Drone  
  125  7:43  Baneling x5  
  125  7:44  Baneling x6  
  125  7:45  Zergling x12  
  125  7:49  Drone x7  
  125  7:51  Zerg Flyer Weapons Level 1  
  138  8:00  Zergling x16  
  138  8:05  Extractor  
  145  8:06  Extractor  
  145  8:10  Zerg Ground Armor Level 2  
  145  8:11  Zerg Melee Weapons Level 2  
  143  8:13  Hatchery  
  143  8:15  Zergling x10  
  143  8:17  Zergling x6  
  143  8:18  Baneling x2  
  143  8:19  Baneling  
  150  8:22  Zergling x8  
  154  8:28  Drone x2  
  154  8:41  Pneumatized Carapace, Overseer  
  154  8:45  Infestation Pit  
  153  8:49  Overlord  
  153  8:50  Overlord x2  
  153  8:51  Mutalisk x4  
  153  8:53  Zergling x2  
  153  8:54  Zergling x24  
  174  9:08  Mutalisk x3  
  180  9:10  Zergling x14  
  180  9:14  Zergling x4  
  180  9:16  Zergling x16  
  197  9:24  Mutalisk  
  197  9:27  Hive  
  199  9:33  Spine Crawler, Spore Crawler  
  199  9:38  Baneling x18  
  197  9:46  Baneling x7  
  197  9:53  Zergling x6  
  200  10:06  Overlord x2  
  200  10:08  Overlord, Overseer  
  200  10:11  Spine Crawler, Spore Crawler  
  198  10:20  Overlord x2  
  194  10:42  Zerg Ground Armor Level 3, Greater Spire, Adrenal Glands, Zerg Melee Weapons Level 3  
  194  10:48  Baneling x10  
  194  10:52  Zergling x10  
  128  11:19  Zergling x2  
  128  11:20  Zergling x96  
  164  11:26  Zergling x8  
  164  11:32  Corruptor x4  
  174  11:42  Baneling x15, Corruptor x5  
  184  11:52  Zergling x20  
  192  12:03  Baneling x21  
  192  12:04  Zergling x6  
  195  12:10  Extractor  
  194  12:28  Brood Lord x2  
  198  12:33  Extractor  
  198  12:35  Spine Crawler, Brood Lord  
  198  12:40  Brood Lord x2  
  200  12:44  Spore Crawler, Hatchery  
  200  12:45  Spine Crawler  
  200  12:47  Brood Lord  
  200  12:50  Baneling x6  
  198  12:59  Zerg Flyer Weapons Level 2  
  198  13:05  Overseer x3  
  198  13:06  Baneling x4  
  198  13:12  Zergling x24  
  196  13:13  Zergling x6  
  161  13:28  Zergling x36  
  151  13:40  Corruptor x3  
  151  13:41  Zergling x2  
  158  13:45  Ultralisk Cavern  
  148  13:50  Infestor x2  
  149  14:09  Corruptor x5  
  131  14:10  Drone  
  118  14:24  Corruptor x4  
  118  14:27  Drone  
  118  14:28  Drone x3  
  118  14:30  Viper  
  119  14:34  Zergling x2  
  119  14:35  Zergling x4  
  116  14:44  Zergling x16  
  124  14:49  Zergling x10  
  129  14:59  Baneling x6  
  129  15:00  Zergling x14  
  136  15:17  Chitinous Plating  
  136  15:19  Zerg Flyer Weapons Level 3  
  142  15:21  Ultralisk x2  
  143  15:34  Drone x3  
  146  15:39  Ultralisk x2  
  146  15:40  Zergling x6  
  146  15:41  Zergling x4  
  163  16:02  Ultralisk x3  
  169  16:14  Ultralisk x2  
  181  16:21  Ultralisk  
  187  16:27  Drone  
  187  16:29  Ultralisk  
  187  16:30  Corruptor  
  187  16:32  Corruptor  
  196  16:37  Baneling  
  196  16:38  Baneling x9  
  198  16:44  Spore Crawler, Baneling x5  
  198  16:45  Baneling x2  
  197  16:49  Overseer  
  197  16:59  Anabolic Synthesis  
  197  17:01  Hatchery  
  167  17:24  Corruptor  
  167  17:25  Corruptor x6  
  148  17:32  Corruptor  
  148  17:33  Zergling x2, Corruptor  
  148  17:34  Zergling x30  
  148  17:36  Zergling x4  
  128  17:45  Drone x2  
  128  17:46  Drone  
  128  17:49  Zergling x14  
  128  17:50  Zergling x8  
  142  17:52  Pathogen Glands  
  142  17:58  Zerg Flyer Armor Level 1  
  142  18:01  Baneling x13  
  142  18:07  Drone x3, Extractor  
  142  18:08  Extractor  
  142  18:10  Viper  
  146  18:18  Drone x3  
  146  18:19  Drone x3  
  152  18:28  Spine Crawler  
  152  18:33  Hatchery  
  150  18:40  Ultralisk x2  
  162  18:43  Corruptor x2  
  166  18:53  Spine Crawler, Spore Crawler  
  164  19:03  Corruptor x6  
  164  19:05  Neural Parasite  
  164  19:09  Infestor  
  178  19:15  Infestor  
  180  19:21  Drone  
  180  19:23  Drone x2  
  183  19:33  Extractor  
  183  19:34  Extractor  
  183  19:37  Drone  
  183  19:38  Drone x3, Brood Lord  
  184  19:39  Brood Lord x3  
  184  19:41  Spore Crawler  
  184  19:42  Spore Crawler  
  184  19:43  Spore Crawler  
  184  19:44  Spore Crawler  
  184  19:45  Drone x2  
  190  19:49  Zerg Missile Weapons Level 1  
  190  19:52  Burrow  
  190  19:55  Drone  
  191  20:22  Spore Crawler  
  191  20:24  Spine Crawler, Spore Crawler  
  191  20:25  Spine Crawler  
  187  20:35  Zerg Flyer Armor Level 2  
  187  20:44  Brood Lord  
  187  20:45  Brood Lord x5  
  187  20:47  Hatchery  
  187  20:48  Drone, Extractor  
  187  20:49  Drone x2  
  200  20:50  Extractor  
  199  21:25  Nydus Network  
  198  21:29  Infestor  
  200  21:42  Spore Crawler  
  200  21:43  Spine Crawler  
  200  21:44  Overseer  
  198  21:47  Drone x2  
  198  21:54  Drone  
  199  22:29  Spore Crawler  
  198  22:31  Spore Crawler x2  
  198  22:33  Infestor  
  198  22:38  Extractor  
  198  22:41  Infestor  
  198  23:14  Overseer  
  194  23:33  Drone x2  
  187  23:34  Drone x2  
  187  23:39  Drone  
  188  23:44  Spine Crawler  
  188  23:46  Spore Crawler  
  184  23:59  Drone x2  
  184  24:00  Drone x2  
  188  24:03  Drone x3  
  188  24:09  Infestor x4  
  199  24:10  Drone  
  199  24:16  Zerg Missile Weapons Level 2  
  199  24:17  Zerg Flyer Armor Level 3  
  199  24:26  Spine Crawler  
  199  24:27  Spine Crawler x3  
  199  24:29  Spine Crawler  
  199  24:30  Spine Crawler  
  192  24:38  Queen  
  192  24:42  Spine Crawler  
  192  24:43  Spore Crawler, Drone  
  192  24:44  Drone x6  
  199  25:25  Spine Crawler, Spore Crawler  
  197  25:33  Viper  
  198  25:59  Spore Crawler  
  197  26:17  Spore Crawler  
  197  26:18  Spine Crawler  
  195  26:20  Hatchery  
  194  26:32  Corruptor x3  
  199  27:15  Spore Crawler  
  198  27:16  Spore Crawler  
  187  27:24  Infestor x2, Spore Crawler  
  187  27:25  Overseer x2  
  187  27:27  Infestor x3  
  198  27:31  Drone  
  193  27:44  Drone x2  
  193  27:45  Drone x4  
  193  27:50  Spine Crawler, Spore Crawler  
  197  27:51  Spore Crawler  
  197  27:53  Drone x3  
  199  27:58  Spine Crawler  
  198  28:27  Corruptor  
  200  28:47  Spine Crawler, Spore Crawler  
  183  29:21  Corruptor x8  
  199  29:27  Baneling x8  
  199  29:41  Corruptor x8  
  198  30:11  Brood Lord x2  
  198  30:12  Brood Lord  
  184  30:15  Corruptor x5  
  193  30:28  Corruptor x3  
  193  30:29  Hatchery  
  198  30:49  Drone  
  199  31:00  Drone  
  197  31:32  Infestor  
  199  31:38  Overseer  
  199  31:39  Drone  
  176  32:05  Corruptor x9  
  199  32:25  Infestor x4  
  199  32:29  Zergling x12  
  199  32:38  Overseer x2  
  199  32:39  Overlord x3  
  199  32:40  Overlord  
  196  33:04  Drone x4  
  199  33:23  Baneling x12  
  199  33:39  Hatchery  
  196  33:46  Spine Crawler  
  194  33:58  Viper x2  
  197  34:23  Queen  
  199  34:57  Overseer  
  199  35:04  Hatchery  
  197  35:37  Queen  
  197  35:41  Spore Crawler  
  198  35:44  Spore Crawler  
  197  35:56  Queen  
  197  36:12  Queen  
  199  36:44  Spore Crawler  
  199  36:45  Spore Crawler  
  197  36:59  Drone x2  
  199  38:08  Drone  
  199  38:15  Extractor  
  197  38:58  Spawning Pool  
  181  39:34  Drone  
  181  39:35  Drone x4  
  174  39:46  Lair, Drone  
  175  39:54  Zergling x10  
  175  39:55  Zergling x2  
  180  40:25  Zergling x2  
  180  40:26  Zergling x4  
  183  40:53  Zergling x38  
  199  41:07  Spire, Infestation Pit  
  196  41:24  Spire  
  193  41:59  Nydus Canal  
  192  42:03  Hive  
  192  42:25  Corruptor x5  
  200  42:31  Nydus Canal  
  178  43:06  Zergling x2  
  178  43:07  Zergling x42  
  200  43:21  Greater Spire  
  185  43:45  Viper  
  185  43:46  Viper, Corruptor x4  
  199  43:55  Overlord x4  
  197  44:02  Overlord x2  
  197  44:34  Drone  
  177  45:01  Infestor x6  
  177  45:02  Infestor  
  177  45:06  Corruptor x2  
  197  45:14  Brood Lord x2  
  199  45:16  Spawning Pool  
  198  45:32  Lair  
  198  45:37  Queen  
  198  46:44  Spore Crawler  
  198  46:45  Spore Crawler  
  196  46:49  Spore Crawler  
  196  46:53  Infestation Pit  
  187  47:00  Hive  
  183  47:05  Extractor  
  182  47:14  Brood Lord x5  
  182  47:15  Corruptor x4  
  198  47:38  Drone x3  
  197  48:05  Spore Crawler  
  196  48:19  Viper  
  196  48:49  Viper  
  199  49:29  Corruptor  
  199  49:30  Corruptor  
  199  50:04  Overseer x4  
  199  50:34  Greater Spire  
  199  51:17  Nydus Canal  
  194  52:07  Drone x3  
  197  52:14  Zergling x4  
  199  52:17  Overseer  
  199  52:18  Overlord x6  
  197  52:44  Drone  
  197  52:45  Drone  
  197  52:49  Spore Crawler  
  198  52:51  Spore Crawler  
  198  52:52  Spore Crawler  
  194  53:29  Corruptor x3  
  194  53:31  Overseer x3  
  196  53:51  Corruptor x2  
  200  54:31  Corruptor x2  
  195  54:37  Drone  
  197  54:50  Viper x2  
  200  54:54  Spore Crawler  
  195  55:10  Overseer  
  195  55:11  Overseer x4  
  195  55:20  Queen  
  197  55:21  Drone  
  191  55:40  Corruptor x4  
  199  55:47  Infestor  
  200  55:55  Corruptor  
  200  55:56  Corruptor x2  
  180  56:11  Zergling x4  
  171  56:18  Brood Lord x5  
  180  56:19  Zergling x4  
  180  56:23  Queen  
  180  56:26  Zergling x4  
  169  56:43  Zergling x4  
  169  56:45  Queen  
  172  56:48  Overlord  
  170  56:55  Zergling x2  
  170  56:56  Zergling x6  
  170  56:58  Queen  
  174  57:02  Zergling x4  
  174  57:12  Zergling x4  
  172  57:18  Zergling x2  
  172  57:21  Queen, Zergling x2  
  171  57:30  Zergling x2  
  171  57:33  Zergling x2  
  171  57:34  Queen  
  170  57:39  Zergling x2  
  169  57:45  Zergling x2  
  166  57:52  Zergling x2  
  166  57:56  Queen, Zergling x2  
  158  58:01  Zergling x10  
  163  58:09  Zergling x4  
  163  58:10  Queen  
  155  58:24  Zergling x10  
  136  58:32  Queen  
  126  58:35  Zergling x2  
  126  58:36  Zergling x2  
  126  58:40  Zergling x2  
  125  58:45  Queen, Zergling x2  
  120  58:56  Zergling x4  
  122  59:03  Drone  
  122  59:08  Queen  
  123  59:16  Zergling x6  
  122  59:21  Queen  
  122  59:23  Zergling x2  
  119  59:28  Overseer  
  119  59:29  Zergling x12  
  125  59:38  Zergling x2  
  125  59:43  Queen  
  128  59:46  Zergling x2  
  128  59:49  Hatchery  
  128  59:54  Zergling x2  
  128  59:55  Zergling x4  
  128  59:57  Queen  
  133  60:01  Zergling x4  
  135  60:12  Drone  
  136  60:16  Zergling x6  
  136  60:19  Queen  
  141  60:26  Drone  
  141  60:32  Queen  
  140  60:46  Extractor  
  140  60:47  Drone x7  
  146  60:55  Queen  
  140  61:08  Queen  
  142  61:15  Zergling x16  
  145  61:30  Queen  
  147  61:34  Zergling x4  
  147  61:38  Zergling x4  
  151  61:44  Queen  
  152  61:47  Zergling x4  
  151  61:59  Zergling x2  
  151  62:00  Zergling x2  
  153  62:06  Queen  
  155  62:13  Zergling x2  
  155  62:14  Zergling x2  
  154  62:19  Queen  
  154  62:34  Zergling x8  
  154  62:42  Queen  
  109  62:53  Zergling x8  
  109  62:55  Queen  
  54  63:06  Zergling x4  
  53  63:17  Queen  
  53  63:27  Zergling x8  
  53  63:31  Queen  
  59  63:47  Zergling x2  
  59  63:48  Zergling x6  
  62  63:53  Queen  
  63  64:06  Queen, Zergling x8  
  63  64:34  Zergling x12  
  60  74:55  Spore Crawler  
  59  77:21  Spore Crawler  
  59  77:22  Spore Crawler  
Show
View Real Time Build Order
Export as new Build Order

Maru Terran 

Build Orders: Hellion Banshee 

Get SALT Encoding   

  12  0:00  SCV  
  13  0:12  SCV  
  14  0:18  Supply Depot  
  14  0:24  SCV  
  15  0:30  Refinery  
  15  0:39  SCV  
  16  0:45  Barracks  
  16  0:51  SCV  
  17  1:03  SCV  
  18  1:15  SCV  
  20  1:32  Reaper, Orbital Command  
  20  1:45  Command Center  
  20  1:56  Factory  
  20  2:00  SCV  
  21  2:08  Barracks Reactor  
  21  2:12  SCV  
  22  2:16  Supply Depot  
  22  2:23  Refinery  
  22  2:24  SCV  
  23  2:38  SCV  
  24  2:46  Starport  
  24  2:49  Hellion x2  
  24  2:50  SCV  
  29  2:58  Orbital Command  
  29  3:05  SCV  
  30  3:14  Hellion x2  
  30  3:16  Barracks Tech Lab  
  30  3:18  SCV  
  35  3:23  SCV  
  36  3:28  Viking  
  38  3:36  SCV x2  
  38  3:37  Supply Depot  
  40  3:47  Hellion x2  
  44  3:48  SCV  
  44  3:50  Barracks Tech Lab  
  44  3:52  SCV  
  46  4:00  SCV  
  47  4:03  Supply Depot  
  47  4:04  SCV  
  47  4:06  Cloaking Field  
  48  4:13  SCV  
  48  4:16  SCV  
  49  4:22  Marine  
  49  4:23  Banshee, Stimpack  
  53  4:25  SCV  
  53  4:28  SCV  
  55  4:36  Command Center  
  55  4:37  SCV  
  56  4:43  Marine, Supply Depot  
  57  4:48  SCV  
  57  4:49  SCV  
  57  4:52  Factory Reactor  
  59  4:56  Barracks  
  59  4:57  Barracks  
  59  5:00  SCV  
  59  5:04  Engineering Bay x2  
  60  5:07  Banshee  
  60  5:12  Marine  
  64  5:15  SCV x2  
  64  5:18  Supply Depot  
  66  5:23  Refinery  
  66  5:27  SCV x2  
  68  5:35  Terran Infantry Weapons Level 1, Terran Infantry Armor Level 1  
  68  5:39  SCV x2  
  70  5:45  Refinery  
  70  5:49  Marine x3  
  73  5:50  Marine  
  73  5:51  Marine, SCV x2  
  73  5:57  Orbital Command  
  77  6:00  Starport Reactor  
  77  6:02  Siege Tank  
  77  6:03  SCV  
  81  6:06  SCV  
  81  6:07  Marine x3  
  81  6:08  Marine x2  
  81  6:11  Supply Depot  
  87  6:15  SCV  
  87  6:17  Supply Depot  
  88  6:26  Marine x4  
  88  6:27  Orbital Command, SCV  
  88  6:32  SCV  
  94  6:33  Supply Depot  
  94  6:36  Marine, Siege Tank  
  98  6:47  Marine x2  
  98  6:48  SCV  
  98  6:49  Medivac x2  
  98  6:50  Marine, Combat Shield  
  98  6:52  SCV  
  98  6:53  Supply Depot  
  107  6:54  SCV  
  106  7:01  Marine x2  
  106  7:03  SCV  
  106  7:04  SCV  
  106  7:05  Marine  
  111  7:08  Supply Depot x2  
  111  7:11  Marine x2  
  111  7:15  SCV x2  
  115  7:16  SCV  
  115  7:19  Marine x2  
  115  7:20  Armory  
  118  7:23  Marine  
  118  7:27  Supply Depot, SCV x2  
  118  7:28  Marine, SCV  
  118  7:29  Marine  
  124  7:30  Medivac x2  
  124  7:34  Supply Depot  
  128  7:38  Supply Depot  
  128  7:39  SCV x2  
  128  7:40  SCV  
  131  7:46  Factory  
  131  7:51  Marine, SCV  
  132  7:52  Marine x4  
  132  7:58  SCV  
  138  7:59  Refinery x2  
  138  8:04  Barracks  
  138  8:05  Barracks  
  138  8:13  Marine  
  138  8:14  Marine x3  
  138  8:16  Terran Infantry Weapons Level 2, Siege Tank, Terran Infantry Armor Level 2  
  144  8:24  SCV x3  
  141  8:31  Drilling Claws, Factory Reactor  
  141  8:34  Missile Turret  
  140  8:36  SCV  
  140  8:40  SCV x2  
  143  8:43  Supply Depot  
  143  8:44  Terran Vehicle And Ship Armor Level 1  
  143  8:46  Supply Depot  
  143  8:48  Thor  
  143  8:50  Command Center  
  149  8:57  Missile Turret x2  
  149  8:58  Marine  
  149  8:59  Barracks Reactor, Marauder  
  149  9:00  Barracks Reactor  
  149  9:12  Widow Mine  
  149  9:13  Medivac x2, Widow Mine  
  157  9:24  Barracks x2  
  156  9:25  Barracks  
  156  9:32  Marine  
  156  9:33  Marauder, Marine x3  
  156  9:34  Widow Mine x2  
  166  9:39  Thor  
  166  9:40  Missile Turret  
  166  9:45  Sensor Tower  
  172  9:49  Sensor Tower  
  172  9:50  Marine x2  
  172  9:51  Marine x2  
  176  9:56  Widow Mine x2  
  179  10:05  Sensor Tower  
  179  10:18  Widow Mine x2  
  179  10:21  Marauder, Marine x2, Barracks Tech Lab  
  182  10:22  Barracks Tech Lab  
  182  10:23  Barracks Tech Lab  
  182  10:26  Widow Mine  
  186  10:35  Terran Infantry Weapons Level 3, Terran Infantry Armor Level 3  
  186  10:39  Widow Mine x2  
  192  10:43  Marauder  
  192  10:51  Command Center  
  192  10:54  Starport x2, Sensor Tower  
  192  10:56  Concussive Shells  
  194  10:57  Marauder  
  194  11:01  Terran Vehicle And Ship Armor Level 2  
  179  11:16  Marine x3  
  179  11:17  Marauder x2, Marine  
  135  11:24  Marauder x2, Marine x3  
  135  11:25  SCV x2  
  124  11:31  SCV  
  124  11:32  Starport Reactor, Starport Tech Lab  
  123  11:37  SCV x2  
  125  11:42  Marauder x2  
  125  11:46  Command Center  
  129  11:50  Liberator x2  
  129  11:56  Liberator x2  
  129  11:58  Marauder x2, Marine x3  
  136  12:01  SCV x2  
  136  12:03  Marauder  
  146  12:10  SCV  
  146  12:11  Command Center  
  146  12:14  Supply Depot  
  153  12:15  Fusion Core  
  153  12:22  Sensor Tower, SCV x3  
  156  12:33  Liberator  
  156  12:34  SCV  
  157  12:38  Marauder, Marine  
  157  12:39  Marauder  
  157  12:42  Marauder, Marine x2  
  157  12:43  Marauder  
  171  12:50  Widow Mine  
  171  12:51  Widow Mine x2  
  183  12:55  Marine  
  178  12:58  Viking x2  
  178  12:59  Viking x2  
  178  13:00  Marauder  
  188  13:06  Marauder, Marine  
  188  13:07  Marauder  
  187  13:14  Marine x2  
  140  13:28  Marauder x2, Marine x3, Viking  
  140  13:32  Marine x3  
  131  13:34  Marine x2  
  131  13:40  Marine  
  123  13:45  Viking  
  116  13:49  Viking  
  116  13:50  Viking  
  114  14:05  Marine x3  
  114  14:06  Marauder, Marine  
  115  14:15  Marine x2  
  115  14:16  Marauder x2  
  111  14:22  Marine x2  
  109  14:31  Marauder x2, Marine, Widow Mine  
  111  14:32  Widow Mine x2  
  111  14:37  Planetary Fortress  
  115  14:40  Marauder  
  117  14:51  Marauder, Marine x2  
  121  14:53  Widow Mine x2, SCV x2  
  128  15:00  SCV  
  129  15:07  Marauder, Marine x3  
  129  15:08  Marauder x2  
  129  15:14  Liberator  
  137  15:15  Viking x2  
  137  15:18  SCV  
  137  15:19  Orbital Command, SCV  
  143  15:34  SCV  
  147  15:36  Marauder x2  
  147  15:40  Liberator  
  147  15:42  Widow Mine  
  153  15:44  Ghost Academy  
  153  15:52  Medivac x2  
  157  15:57  Missile Turret  
  157  16:01  Marauder, Marine  
  157  16:02  SCV  
  164  16:10  SCV  
  163  16:12  Supply Depot  
  163  16:14  Ghost x2  
  163  16:15  Ghost  
  169  16:20  Personal Cloaking  
  169  16:21  Liberator  
  169  16:22  Ghost  
  171  16:29  Marine x2  
  171  16:32  Supply Depot  
  173  16:38  Advanced Ballistics  
  176  16:43  Ghost x3  
  176  16:44  Liberator x3  
  176  16:45  Refinery x2  
  182  16:56  Missile Turret x2  
  182  16:57  Missile Turret  
  189  17:11  Widow Mine  
  189  17:12  Widow Mine  
  164  17:28  Viking x2  
  143  17:32  Marauder x2, Marine x2  
  138  17:38  Ghost  
  138  17:39  Marine x3  
  138  17:44  Viking  
  143  17:46  SCV x3  
  143  17:47  SCV  
  143  17:49  Refinery x2  
  147  17:58  SCV  
  148  17:59  Ghost x2  
  148  18:01  Missile Turret x2  
  152  18:06  SCV x3  
  152  18:10  SCV  
  156  18:20  Viking  
  156  18:21  Viking x2  
  156  18:26  Ghost  
  162  18:27  Refinery  
  162  18:33  Viking  
  166  18:38  SCV x3  
  166  18:41  Missile Turret x2  
  169  18:53  Command Center  
  169  18:54  Ghost x2  
  169  18:55  Marine  
  174  19:13  Command Center  
  174  19:14  Terran Vehicle And Ship Armor Level 3, Viking  
  176  19:20  Sensor Tower, Nuke  
  176  19:28  Ghost  
  176  19:30  Widow Mine x2  
  182  19:41  Viking x2  
  185  19:49  Viking  
  185  19:50  Raven  
  189  20:14  Viking x3  
  182  20:15  Ghost x2  
  182  20:19  Viking  
  192  20:26  SCV x2  
  194  20:33  Viking  
  195  20:37  Missile Turret  
  195  20:38  Missile Turret x2  
  195  20:39  Orbital Command  
  195  20:40  Planetary Fortress  
  195  20:44  Sensor Tower  
  195  20:49  SCV x3  
  199  20:50  SCV  
  199  20:52  Orbital Command  
  199  21:01  SCV  
  200  21:24  Missile Turret x2  
  200  21:31  Nuke  
  200  21:51  Terran Ship Weapons Level 1  
  198  21:59  Neosteel Armor, Hi-Sec Auto Tracking  
  198  22:01  Ghost  
  198  22:05  Missile Turret x2  
  200  22:09  Refinery x2  
  200  22:10  Missile Turret, Command Center  
  200  22:11  Missile Turret  
  200  22:12  Missile Turret  
  200  22:13  Missile Turret x2  
  198  23:11  Ghost  
  198  23:21  Ghost  
  198  23:24  Refinery  
  200  23:29  Nuke  
  200  23:32  Ghost Academy x2  
  200  23:33  Ghost Academy  
  200  23:34  Ghost Academy x2  
  200  23:37  Command Center x2  
  200  23:52  Medivac x2  
  200  24:08  Nuke  
  200  24:09  Nuke x4  
  200  24:10  Terran Ship Weapons Level 2  
  196  24:18  Liberator x2  
  190  24:28  Ghost x3  
  184  24:34  Viking  
  184  24:35  Viking  
  184  24:38  Marauder, Marine  
  196  24:39  Missile Turret  
  196  24:40  Missile Turret x2  
  196  24:41  Missile Turret  
  196  24:42  Missile Turret  
  197  24:45  Missile Turret  
  197  24:47  Missile Turret  
  197  24:57  Marauder  
  199  25:12  Ghost  
  199  25:22  Orbital Command x2  
  199  25:32  Missile Turret  
  199  25:33  Sensor Tower, Missile Turret  
  197  25:47  Missile Turret  
  197  25:49  Missile Turret  
  193  26:01  Nuke x2  
  193  26:06  Missile Turret  
  193  26:08  Missile Turret  
  193  26:10  Sensor Tower  
  193  26:26  Missile Turret  
  193  26:31  Missile Turret  
  193  26:33  Missile Turret  
  193  26:34  Missile Turret  
  193  26:43  Nuke  
  191  26:57  Terran Ship Weapons Level 3  
  190  27:14  Ghost x3  
  196  27:15  Missile Turret  
  196  27:16  Missile Turret, Ghost  
  196  27:22  Nuke x3  
  198  27:40  Missile Turret  
  198  27:42  Missile Turret, Ghost  
  198  27:43  Nuke x3  
  198  27:53  Viking, Planetary Fortress  
  198  27:55  Refinery, Command Center  
  198  27:56  Refinery  
  200  28:11  Ghost  
  195  28:16  Nuke x2  
  195  28:17  Missile Turret x2  
  195  28:18  Ghost  
  195  28:19  Ghost  
  197  28:21  Ghost  
  199  28:30  Nuke  
  199  28:31  Marine  
  200  28:45  Missile Turret x2  
  200  28:54  Nuke x3  
  198  29:10  Orbital Command, Missile Turret  
  198  29:11  Missile Turret  
  198  29:15  Command Center  
  198  29:24  Command Center  
  198  29:26  Command Center, Nuke x2  
  196  30:02  Nuke x2  
  196  30:12  Nuke x4  
  196  30:31  Missile Turret  
  196  30:49  Missile Turret x2  
  196  30:50  Missile Turret  
  196  30:51  Missile Turret x2  
  196  30:59  Ghost  
  196  31:00  Ghost  
  200  31:10  Sensor Tower  
  198  31:19  Nuke x2  
  196  31:36  Nuke x3  
  195  31:50  Nuke  
  195  32:10  Nuke x2  
  195  32:21  Ghost  
  195  32:22  Ghost x3  
  195  32:34  Nuke  
  193  32:38  Marine x6  
  199  32:51  Nuke x3  
  197  33:14  Medivac  
  199  33:24  Marine  
  194  33:49  Command Center x2  
  194  33:51  Command Center  
  194  34:02  Missile Turret x2  
  192  34:18  Medivac  
  192  34:19  Medivac, Missile Turret x3  
  192  34:21  Sensor Tower, Missile Turret  
  193  34:25  Missile Turret  
  193  34:26  Missile Turret  
  193  34:49  Marauder x2, Marine x3  
  200  34:53  Missile Turret  
  200  34:54  Missile Turret x2  
  200  34:57  Refinery  
  200  35:00  Refinery  
  200  35:08  Nuke x3  
  200  35:16  Orbital Command  
  200  35:21  Planetary Fortress  
  199  35:33  Command Center  
  197  35:38  Orbital Command  
  195  35:54  Nuke x3  
  195  35:56  Planetary Fortress  
  195  36:06  Nuke x2  
  195  36:20  Nuke  
  195  36:41  Nuke  
  195  36:51  Missile Turret x2  
  195  36:52  Missile Turret  
  195  36:56  Missile Turret  
  195  37:05  Ghost x2  
  195  37:07  Planetary Fortress  
  199  37:28  Nuke x5  
  199  37:32  Missile Turret  
  199  37:34  Missile Turret x2, Nuke  
  199  37:35  Missile Turret  
  197  37:37  Missile Turret x2  
  197  37:38  Missile Turret  
  195  37:53  Orbital Command  
  194  38:37  Nuke x2  
  194  38:38  Nuke  
  193  38:50  Sensor Tower  
  193  38:52  Missile Turret  
  193  38:53  Missile Turret  
  193  38:56  Nuke x2  
  193  38:59  Nuke  
  193  39:30  Nuke x2  
  193  39:46  Orbital Command  
  193  39:57  Nuke x2  
  193  39:58  Nuke  
  193  40:06  Ghost x3  
  197  40:22  Missile Turret  
  197  40:23  Missile Turret  
  197  40:24  Missile Turret  
  197  40:25  Missile Turret x4  
  197  40:32  Orbital Command  
  197  40:34  Missile Turret  
  197  40:35  Missile Turret  
  197  40:36  Sensor Tower  
  197  40:45  Refinery x2  
  195  40:58  Missile Turret x3  
  195  40:59  Missile Turret  
  195  41:01  Missile Turret  
  195  41:18  Missile Turret  
  195  41:19  Nuke  
  195  41:20  Nuke x3  
  195  41:22  Missile Turret  
  195  41:35  Nuke x2  
  191  41:58  Viking x3  
  191  41:59  Viking x2  
  192  42:32  Nuke x5  
  192  43:09  Missile Turret  
  192  43:17  Nuke  
  192  43:29  Missile Turret x2  
  192  43:30  Missile Turret x2  
  192  43:31  Missile Turret  
  192  43:32  Missile Turret  
  192  43:34  Missile Turret  
  192  43:35  Missile Turret x2  
  192  43:36  Missile Turret x2  
  192  43:38  Missile Turret  
  192  43:40  Nuke x4  
  192  43:41  Nuke  
  191  43:49  Missile Turret  
  190  44:02  Viking x3  
  195  44:06  Missile Turret  
  195  44:07  Missile Turret  
  195  44:12  Nuke  
  194  44:22  Missile Turret  
  194  44:23  Missile Turret  
  194  44:26  Missile Turret  
  193  45:03  Nuke x2  
  190  45:07  Viking x2  
  192  45:16  Nuke x3  
  192  45:17  Nuke  
  192  45:52  Nuke  
  192  45:53  Nuke  
  192  46:06  Nuke  
  192  46:24  Nuke x3  
  190  46:37  Missile Turret x4  
  190  46:38  Missile Turret x3  
  190  46:40  Missile Turret  
  190  46:41  Nuke  
  190  46:58  Nuke x2  
  190  47:33  Viking x4  
  196  47:46  Nuke x3  
  196  48:00  Missile Turret  
  196  48:01  Missile Turret  
  196  48:02  Missile Turret x2  
  196  48:05  Missile Turret  
  192  48:17  Ghost x2  
  188  48:50  Nuke x3  
  188  49:04  Nuke  
  188  49:05  Nuke  
  182  49:26  Ghost x2  
  182  49:50  Marine  
  182  49:51  Marauder, Marine x4  
  189  49:55  Marauder x2  
  189  49:58  Nuke x3  
  193  50:20  Nuke x2  
  193  50:21  Nuke  
  193  50:49  Nuke  
  190  51:09  Nuke  
  190  51:10  Nuke  
  183  52:05  Nuke x4  
  176  53:23  Viking x4  
  176  53:24  Viking  
  176  54:17  Ghost x3  
  176  54:18  Viking x4  
  187  54:45  Ghost  
  189  55:01  Ghost x2  
  193  55:14  Ghost  
  195  55:29  Ghost  
  184  56:02  Viking  
  161  56:10  Viking  
  161  56:11  Ghost  
  141  56:12  Viking x2  
  141  56:19  Viking  
  143  56:32  Viking  
  127  56:40  Viking  
  127  56:41  Viking  
  127  56:42  Viking  
  127  56:49  Viking  
  127  57:02  Viking  
  129  57:10  Viking  
  129  57:11  Viking  
  129  57:12  Viking  
  133  57:19  Viking  
  129  57:32  Viking  
  131  57:40  Viking  
  131  57:41  Viking  
  131  57:42  Viking  
  137  57:49  Viking  
  134  58:02  Viking  
  133  58:10  Viking  
  133  58:11  Viking x2  
  133  58:19  Viking  
  121  58:32  Viking  
  121  58:40  Viking  
  123  58:41  Viking x2  
  123  58:48  Marine x10  
  125  59:06  Marine x3  
  125  59:07  Marauder x2  
  130  60:25  Widow Mine x2  
  131  60:46  Marine x7  
  131  60:47  Marauder x2, Marine  
  34  63:14  Marine x2  
  34  63:15  Marine x5  
  41  63:28  Marine x3  
  38  72:08  Orbital Command  
  38  72:11  Orbital Command  
  38  72:13  Orbital Command  
  38  72:21  Orbital Command  
  38  72:29  Orbital Command  
  38  73:10  Orbital Command  
  38  77:44  Orbital Command  
  38  78:36  Orbital Command  
  38  78:42  Orbital Command  
Tags
 
Add a new tag
Caveats
  • Supply blocks, unpowered buildings, or Contaminate may cause inaccurate times.
  • Supply counts are checked every 10 seconds.